 Dungeon Crawl Stone Soup version 0.28.0-53-g5a82cb258f (webtiles) character file.

Game seed: 6305287302465375135

2482 Godmorgon the Basher (level 9, -1/79 HPs)
             Began as a Minotaur Fighter on Aug 9, 2022.
             Was a Believer of the Shining One.
             Slain by a red ugly thing (18 damage)
             ... on level 7 of the Dungeon.
             The game lasted 00:23:41 (7497 turns).

Godmorgon the Basher (Minotaur Fighter)             Turns: 7497, Time: 00:23:42

Health: -1/79      AC: 14    Str: 25    XL:     9   Next: 27%
Magic:  17/19      EV:  9    Int:  5    God:    the Shining One [**....]
Gold:   519        SH: 12    Dex: 10    Spells: 8/8 levels left

rFire   . . .      SeeInvis .   a - +1 flail (vorpal)
rCold   . . .      Faith    +   c - +0 buckler
rNeg    + . .      Spirit   .   M - +0 chain mail {Will+}
rPois   .          Reflect  .   (helmet restricted)
rElec   .          Harm     .   (no cloak)
rCorr   .          Rampage  .   (no gloves)
Will    +....                   (no boots)
Stlth   ..........              d - amulet of faith
HPRegen 0.23/turn               r - +4 ring of protection
MPRegen 0.16/turn               g - ring of magical power

@: mighty, divinely shielded, glowing
A: horns 2, retaliatory headbutt
a: Renounce Religion, Divine Shield


You were on level 7 of the Dungeon.
You worshipped the Shining One.
The Shining One was pleased with you.
You visited 2 branches of the dungeon, and saw 9 of its levels.
You also visited: Ossuary.

You collected 519 gold pieces.

Inventory:

Hand Weapons
 a - a +1 vorpal flail (weapon)
 C - a +0 morningstar
Missiles
 o - 23 poisoned darts (quivered)
Armour
 c - a +0 buckler (worn)
 w - a +0 plate armour
 M - a +0 chain mail of willpower (worn)
Jewellery
 d - an amulet of faith (around neck)
 g - a ring of magical power (right hand)
 h - a ring of magical power
 i - a ring of wizardry
 q - a ring of fire
 r - a +4 ring of protection (left hand)
 J - an amulet of reflection
Scrolls
 e - a scroll of magic mapping
 f - 2 scrolls of enchant weapon
 j - a scroll of holy word {unknown}
 l - 4 scrolls of immolation
 m - a scroll of brand weapon {unknown}
 v - a scroll of fear {unknown}
 y - 2 scrolls of teleportation
 z - a scroll of fog {unknown}
 A - a scroll of noise {unknown}
 F - a scroll of acquirement {unknown}
 H - a scroll of blinking {unknown}
 K - 2 scrolls of amnesia {unknown}
 L - a scroll of silence {unknown}
Potions
 k - a potion of ambrosia
 n - 5 potions of brilliance
 p - 2 potions of degeneration {unknown}
 t - 3 potions of magic
 u - a potion of flight {unknown}
 x - a potion of invisibility {unknown}
 B - 2 potions of curing {unknown}
 D - a potion of resistance {unknown}
 E - 2 potions of heal wounds {unknown}
 G - 2 potions of lignification {unknown}
 I - a potion of cancellation {unknown}


   Skills:
 + Level 7.0 Fighting
 * Level 8.8 Maces & Flails
 + Level 3.8 Throwing
 + Level 6.9 Armour
 + Level 4.1 Dodging
 - Level 5.0 Shields
 * Level 3.8 Invocations


You had 8 spell levels left.
You didn't know any spells.
Your spell library was empty.

Dungeon Overview and Level Annotations

Branches:
Dungeon (8/15)             Temple (1/1) D:5         Ossuary (visited)
   Lair: D:8-11

Altars:
Ashenzari
Cheibriados
Dithmenos
Elyvilon
Fedhas
Gozag
Makhleb
Nemelex Xobeh
Okawaru
Qazlal
Ru
Sif Muna
Trog
Uskayaw
Vehumet
Wu Jian
Yredelemnul
The Shining One


Innate Abilities, Weirdness & Mutations

You have a pair of horns on your head.
You reflexively headbutt those who attack you in melee.


Message History

o - 21 poisoned darts (gained 2)
o - 22 poisoned darts (gained 1)
o - 23 poisoned darts (gained 1)
Found an iron altar of Okawaru.
Search for what [Enter for "mace", or ? for help]? oka Unknown command.
A red ugly thing comes into view.
The red ugly thing gurgles horribly!
Press: ? - help, v - describe, . - travel
Here: a red ugly thing (haloed)
The floor.
Your shield is strengthened by the Shining One's divine power.
You sock the red ugly thing!
The red ugly thing is lightly wounded.
The red ugly thing punches you.
You are engulfed in flames!
You barely miss the red ugly thing.
The red ugly thing is lightly wounded.
You block the red ugly thing's attack.
You barely miss the red ugly thing.
The red ugly thing is lightly wounded.
The red ugly thing punches you!
You are engulfed in flames!
You sock the red ugly thing! You headbutt the red ugly thing.
The red ugly thing is moderately wounded.
The red ugly thing closely misses you.
You sock the red ugly thing!
The red ugly thing is severely wounded.
The red ugly thing punches you.
You are engulfed in flames!!
* * * LOW HITPOINT WARNING * * *
You feel very mighty all of a sudden.
The red ugly thing punches you but does no damage.
You barely miss the red ugly thing.
The red ugly thing is heavily wounded.
You block the red ugly thing's attack.
You thump the red ugly thing!
The red ugly thing is severely wounded.
The red ugly thing punches you but does no damage.
The red ugly thing punches you.
* * * LOW HITPOINT WARNING * * *
You are engulfed in flames!!
You die...

⌠#,,,,,,,,*
##*******,* *,*
##### *,* ##...#
#.* #..#.# #.#
#._..# #.# #..#.#
#.# *#..u# ##.##
*#.@# #...# #.##
**** ##.#.####.#
,..####..#......#
,............####
,.§≈≈≈≈§≈≈≈..#
,.≈...§...§§.#
..≈.≈≈.≈≈.≈§##
..≈.≈...≈§§.#


You could see a red ugly thing.

Vanquished Creatures
  A two-headed ogre (D:7)
  A yak (D:7)
  A water moccasin (D:7)
  An orc warrior (D:7)
  2 ogres
  A phantom (D:4)
  An elf zombie (D:7)
  A bullfrog (D:4)
  2 scorpions
  An elf skeleton (D:7)
  A water moccasin zombie (D:5)
  A wyvern skeleton (D:7)
  A howler monkey (D:5)
  3 hounds
  2 jellies
  2 centaur skeletons
  2 gnoll shamans (D:7)
  2 human skeletons (D:7)
  4 iguanas
  An orc wizard (D:7)
  8 mummies (Ossuary)
  13 gnolls
  A howler monkey skeleton (D:4)
  6 adders
  2 ufetubi
  5 dart slugs
  A worm (D:4)
  9 orcs
  4 ball pythons
  4 bats
  4 endoplasms
  A giant cockroach (D:1)
  A gnoll zombie (Ossuary)
  6 goblins
  8 hobgoblins
  8 jackals
  11 kobolds
  4 quokkas
  5 frilled lizards
  A hobgoblin zombie (Ossuary)
  A kobold zombie (Ossuary)
  2 orc skeletons (D:7)
  8 orc zombies
  6 rats
150 creatures vanquished.

Notes
Turn   | Place    | Note
-------+----------+-------------------------------------------
     0 | D:1      | Godmorgon the Minotaur Fighter began the quest for the Orb.
     0 | D:1      | Reached XP level 1. HP: 19/19 MP: 0/0
   141 | D:1      | Reached XP level 2. HP: 26/27 MP: 1/1
   383 | D:2      | Reached skill level 3 in Maces & Flails
  1078 | D:2      | Reached XP level 3. HP: 30/33 MP: 2/2
  1104 | D:2      | Found a sparkling altar of Nemelex Xobeh.
  1843 | D:3      | Found a stormy altar of Qazlal.
  1889 | D:3      | Reached XP level 4. HP: 40/40 MP: 3/3
  1920 | D:3      | Reached skill level 4 in Maces & Flails
  2442 | D:3      | Found an ornate altar of the Wu Jian Council.
  2610 | D:3      | Found an iron altar of Okawaru.
  2807 | D:4      | Reached XP level 5. HP: 43/47 MP: 4/4
  2932 | D:4      | Noticed a phantom
  2938 | D:4      | Killed a phantom
  2982 | D:4      | Reached skill level 5 in Maces & Flails
  2982 | D:4      | Reached XP level 6. HP: 46/55 MP: 5/5
  3091 | D:4      | Reached skill level 5 in Fighting
  3172 | D:4      | Reached skill level 5 in Shields
  3253 | D:4      | Reached skill level 5 in Armour
  3601 | D:5      | Entered Level 5 of the Dungeon
  3638 | D:5      | Reached skill level 1 in Dodging
  3753 | D:5      | Reached skill level 1 in Throwing
  3847 | D:5      | Reached skill level 6 in Maces & Flails
  3847 | D:5      | Reached XP level 7. HP: 59/61 MP: 6/6
  4259 | D:5      | Found a staircase to the Ecumenical Temple.
  4268 | Temple   | Entered the Ecumenical Temple
  4335 | Temple   | Became a worshipper of the Shining One
  5025 | D:6      | Found a shadowy altar of Dithmenos.
  5600 | D:7      | Reached skill level 7 in Maces & Flails
  5615 | D:7      | Reached XP level 8. HP: 20/70 MP: 7/7
  5620 | D:7      | Found a sand-covered staircase.
  5625 | Ossuary  | Entered an ossuary
  5657 | Ossuary  | Reached * piety under the Shining One
  5986 | Ossuary  | Reached ** piety under the Shining One
  6159 | D:7      | Found a stormy altar of Qazlal.
  6352 | D:7      | Reached skill level 1 in Invocations
  7002 | D:7      | Found an opulent altar of Gozag.
  7002 | D:7      | Found a blossoming altar of Fedhas.
  7075 | D:7      | Reached skill level 8 in Maces & Flails
  7086 | D:7      | Reached *** piety under the Shining One
  7304 | D:7      | Found a radiant altar of Vehumet.
  7317 | D:7      | Noticed a two-headed ogre
  7364 | D:7      | Killed a two-headed ogre
  7365 | D:7      | Reached XP level 9. HP: 61/79 MP: 10/10
  7484 | D:7      | Found an iron altar of Okawaru.
  7488 | D:7      | Noticed a red ugly thing
  7497 | D:7      | Slain by a red ugly thing

Illustrated notes

Levels and vault maps discovered:
D:1:      lightli_arrival_maybe_door_vault, layout_basic
D:2:      layout_basic, basic_altar
D:3:      minmay_angry_zag, layout_basic, lemuel_round_altar,
          nicolae_qazlal_general_emergency, lemuel_coloured_pillars_altar,
          minmay_misc_feat_cross, hangedman_abyss_or_decor_lesser_grid
D:4:      layout_loops_ring
D:5:      layout_basic, minmay_temple_entry_glassed_door
D:6:      layout_loops_ring, nicolae_dithmenos_shadow_blocks, abandoned_shop
D:7:      layout_loops_ring, mainiacjoe_overflow_concentric_impassable,
          general_overflow_altar, gammafunk_temple_overflow_wave,
          nicolae_ossuary_entry_catacombs, hangedman_feature_mirror,
          kennysheep_decorative_pillar
D:8:      layout_loops_cross, uniq_erica, uniq_psyche, uniq_joseph
Temple:   jpeg_temple_clearing

Skill      XL: |  1  2  3  4  5  6  7  8 |
---------------+-------------------------+-----
Maces & Flails | 3 4 5 6 7 8 |  8.8
Fighting       | 4 5 7 |  7.0
Armour         | 4 5 6 |  6.9
Shields        | 4 5 |  5.0
Dodging        | 1 2 4 |  4.1
Throwing       | 1 2 3 |  3.8
Invocations    | 3 |  3.8

Action                   |  1- 3 |  4- 6 |  7- 9 || total
-------------------------+-------+-------+-------++-------
Melee: Flail             |   107 |    90 |   203 ||   400
       Headbutt          |     9 |    12 |    54 ||    75
Throw: Dart              |       |       |    27 ||    27
Invok: Divine Shield     |       |       |     5 ||     5
  Use: Scroll            |     1 |     3 |     5 ||     9
       Potion            |       |     1 |     1 ||     2
Armor: Scale mail        |    55 |    45 |    63 ||   163
       Chain mail        |       |       |     2 ||     2
Dodge: Dodged            |    60 |    44 |    87 ||   191
Block: Buckler           |    24 |    17 |    74 ||   115
